 Dungeon Crawl Stone Soup version 0.26.0-11-g8f856b5395 (webtiles) character file.

Game seed: 8173129749216088206

44 dolemite99 the Charlatan (level 3, -1/26 HPs)
             Began as a Demonspawn Artificer on Jan 15, 2021.
             Slain by a shadow imp (2 damage)
             ... summoned by Natasha
             ... on level 2 of the Dungeon.
             The game lasted 00:03:33 (2455 turns).

dolemite99 the Charlatan (Demonspawn Artificer)     Turns: 2455, Time: 00:03:34

Health: -1/26      AC:  4    Str: 13    XL:     3   Next: 39%
Magic:  0/3        EV: 11    Int: 12    God:
Gold:   48         SH:  0    Dex: 13    Spells: 2/2 levels left

rFire    . . .     SeeInvis .   f - +0 whip (pain)
rCold    . . .     Faith    .   (no shield)
rNeg     . . .     Spirit   +   b - +0 leather armour
rPois    .         Reflect  .   (no helmet)
rElec    .         Harm     .   (no cloak)
rCorr    .         Rampage  .   (no gloves)
Will     .....                  (no boots)
Stlth    +.........             (no amulet)
HPRegen  0.08/turn              (no ring)
MPRegen  0.08/turn              (no ring)

@: hasted, very quick
A: rugged brown scales 1, magic shield
a: no special abilities


You were on level 2 of the Dungeon.
You visited 1 branch of the dungeon, and saw 2 of its levels.

You collected 48 gold pieces.

Inventory:

Hand Weapons
 a - a +0 club
 f - a +0 whip of pain (weapon)
 k - a +0 hunting sling
Missiles
 h - 42 stones
 j - 14 sling bullets
Armour
 b - a +0 leather armour (worn)
Wands
 c - a wand of flame (5) (quivered)
 d - a wand of enslavement (15)
 e - a wand of random effects (15)
Scrolls
 g - a scroll of fear {unknown}


   Skills:
 - Level 1.0 Fighting
 - Level 1.7 Armour
 - Level 0.8 Dodging
 - Level 0.8 Stealth
 + Level 4.5 Evocations


You had 2 spell levels left.
You didn't know any spells.
Your spell library was empty.

Dungeon Overview and Level Annotations

Branches:
Dungeon (2/15)

Altars:

Annotations:
D:2 Natasha


Innate Abilities, Weirdness & Mutations

You are partially covered in rugged brown scales. (AC +1, +3% HP)
When hurt, damage is shared between your health and your magic reserves.


Message History

You barely miss Natasha.
Natasha is moderately wounded.
Natasha claws you!
The shadow imp hits you but does no damage.
You closely miss Natasha.
Natasha is moderately wounded.
Natasha stares at you and mumbles some strange words.
The magic dart hits you. The shadow imp barely misses you.
You barely miss Natasha.
Natasha is moderately wounded.
Natasha claws you but does no damage. The shadow imp closely misses you.
Natasha claws you.
* * * LOW HITPOINT WARNING * * *
It was a potion of haste.
You feel yourself speed up. The shadow imp completely misses you.
Natasha claws you.
* * * LOW HITPOINT WARNING * * *
You miss Natasha.
Natasha is moderately wounded.
The shadow imp hits you.
You die...

#.##...............#
#..........##......##
###.......#..........###
..........#.#..........#
###.####..#.#..........#
#.# #..#.#......###.#
#.# ##......†...# #
##.#####.#.5......#
#..........h@..#### ##
##.#.##........# .#
#.#.##........# .#
#...##...>....#
.#####.####........#
............########
............#
...÷........#
............#


You could see Natasha and a shadow imp (summoned).

Vanquished Creatures
  Natasha (D:2)
  A dart slug (D:1)
  A leopard gecko (D:1)
  A ball python (D:1)
  5 hobgoblins
  A quokka (D:2)
  A bat (D:1)
  2 frilled lizards (D:1)
  A kobold (D:1)
  5 rats
19 creatures vanquished.

Notes
Turn   | Place    | Note
-------+----------+-------------------------------------------
     0 | D:1      | dolemite99 the Demonspawn Artificer began the quest for the
                  | Orb.
     0 | D:1      | Reached XP level 1. HP: 15/15 MP: 1/1
   818 | D:1      | Gained mutation: You are partially covered in rugged brown
                  | scales. (AC +1, +3% HP) [demonic ancestry]
   818 | D:1      | Reached XP level 2. HP: 9/21 MP: 2/2
  2167 | D:2      | Noticed Natasha
  2173 | D:2      | Noticed a crimson imp
  2435 | D:2      | Killed Natasha
  2436 | D:2      | Reached skill level 4 in Evocations
  2436 | D:2      | Gained mutation: When hurt, damage is shared between your
                  | health and your magic reserves. [demonic ancestry]
  2436 | D:2      | Reached XP level 3. HP: 26/26 MP: 3/3
  2443 | D:2      | Noticed Natasha
  2454 | D:2      | HP: 1/26 [Natasha (6)]
  2455 | D:2      | Slain by a shadow imp

Illustrated notes

Levels and vault maps discovered:
D:1:      minmay_arrival_up_and_down, layout_basic, minmay_misc_feat_plants,
          hangedman_abyss_or_decor_lesser_grid
D:2:      layout_basic, uniq_natasha

Skill      XL: |  1  2 |
---------------+-------+-----
Evocations     | 4 |  4.5
Fighting       | |  1.0
Armour         | |  1.7
Dodging        | |  0.8
Stealth        | |  0.8

Action                   || total
-------------------------++-------
Melee: Whip              ||    77
Evoke: Wand              ||    10
  Use: Potion            ||     1
Armor: Leather armour    ||    24
Dodge: Dodged            ||    50
